 Dungeon Crawl Stone Soup version 0.17.1-1-g73c8601 (webtiles) character file.

19143 Peloso the Blocker (level 12, 0/108 HPs)
             Began as a Minotaur Fighter on Jan 3, 2016.
             Was a Follower of Okawaru.
             Slain by Kirke
             ... wielding a +0 dagger
              (5 damage)
             ... on level 11 of the Dungeon.
             The game lasted 00:44:20 (12986 turns).

Peloso the Blocker (Minotaur Fighter)              Turns: 12986, Time: 00:44:20

Health: 0/108      AC:  0    Str: 24    XL:     12   Next: 33%
Magic:  11/11      EV: 17    Int:  5    God:    Okawaru [*.....]
Gold:   697        SH:  0    Dex: 12    Spells: 0 memorised, 11 levels left

rFire  . . .     SeeInvis .     (weapon currently unavailable)
rCold  . . .     Clarity  .     (armour currently unavailable)
rNeg   . . .     SustAt   .     (shield currently unavailable)
rPois  .         Gourm    .     (helmet currently unavailable)
rElec  .         Spirit   .     (cloak currently unavailable)
rCorr  .         Warding  .     (gloves currently unavailable)
rMut   .         Stasis   .     (boots currently unavailable)
MR     .....                    C - amulet of regeneration
Stlth  ++........               (ring currently unavailable)
                                (ring currently unavailable)

@: pig-form, slowed, not resistant to hostile enchantments, unstealthy
A: (retaliatory headbutt), (horns 0)
a: Heroism, Renounce Religion


You were on level 11 of the Dungeon.
You worshipped Okawaru.
Okawaru was aware of your devotion.
You were not hungry.
You were a filthy swine.
You visited 2 branches of the dungeon, and saw 13 of its levels.

You collected 697 gold pieces.

Inventory:

Hand Weapons
 D - a +3 falchion
 I - a +1 scimitar of flaming (melded)
Armour
 c - a +0 shield (melded)
 j - the +3 hat of Pondering {ponderous, MR+ MP+10 Int+5}
   (You took it off Gastronok on level 8 of the Dungeon)

   It affects your intelligence (+5).
   It affects your resistance to hostile enchantments.
   It affects your magic capacity (+10).
 n - a +1 hat (melded)
 z - a +1 plate armour (melded)
 E - a +1 cloak (melded)
 O - a +0 pair of boots (melded)
Jewellery
 g - an uncursed amulet of resist mutation
 i - a +2 ring of slaying (melded)
 C - an amulet of regeneration (around neck)
 H - an uncursed ring of invisibility
 M - a +4 ring of evasion (melded)
Wands
 k - a wand of invisibility (3)
 K - a wand of disintegration (10)
Scrolls
 f - 5 scrolls of remove curse
 l - 5 scrolls of identify
 o - a scroll of magic mapping
 r - 2 scrolls of fog
 u - a scroll of teleportation
 w - a scroll of blinking
 y - a scroll of recharging
Potions
 a - a potion of flight {unknown}
 b - a potion of cancellation {unknown}
 d - 2 potions of curing
 p - 3 potions of brilliance {unknown}
 t - a potion of ambrosia {unknown}
 v - a potion of haste
 A - a potion of lignification {unknown}
 B - a potion of berserk rage {unknown}
 F - a potion of agility
 J - 2 potions of magic {unknown}
 L - a potion of degeneration {unknown}
Books
 x - a book of Geomancy

   Spells                             Type                      Level
   a - Sandblast                      Earth                        1
   b - Stoneskin                      Transmutation/Earth          2
   c - Passwall                       Transmutation/Earth          3
   d - Stone Arrow                    Conjuration/Earth            3
   e - Petrify                        Transmutation/Earth          4
   f - Lee's Rapid Deconstruction     Earth                        5
Comestibles
 e - 12 bread rations
 h - 11 meat rations
 s - 20 fruits
 G - 6 slices of pizza
 P - 6 chunks of flesh


   Skills:
 + Level 10.9 Fighting
 + Level 11.0 Long Blades
 + Level 12.7 Armour
 + Level 5.7 Dodging
 + Level 1.5 Stealth
 + Level 13.4 Shields


You had 11 spell levels left.
You didn't know any spells.

Dungeon Overview and Level Annotations

Branches:
Dungeon (12/15)            Temple (1/1) D:7            Lair (0/8) D:10
    Orc: D:9-12

Altars:
Ashenzari
Cheibriados
Dithmenos
Elyvilon
Fedhas
Gozag
Kikubaaqudgha
Makhleb
Nemelex Xobeh
Okawaru
Qazlal
Ru
Sif Muna
Trog
Vehumet
Xom
Yredelemnul
Zin
The Shining One

Shops:
D:10 [

Annotations:
D:11 Kirke


Innate Abilities, Weirdness & Mutations

((You reflexively headbutt those who attack you in melee.))
((You have a pair of horns on your head.))


Message History

Kirke hits you but does no damage.
The skeletal warrior throws a stone.
The stone hits you!!
Kirke whispers, "Not even holy moly will save you."
Kirke mumbles some strange words.
Kirke flickers and vanishes!
Deactivating autopickup; reactivate with Ctrl-A.
You climb upwards.
There is a stone staircase leading down here.
Something hits you!
You start resting.
Something hits you.
You start resting.
Something hits you!
You hear some strange, mumbled words.
Something tries to affect you, but you resist.
You start resting.
Something hits you!
You hit something. Something hits you! Something hits you!
* * * LOW HITPOINT WARNING * * *
You hit something but do no damage. Something hits you!
* * * LOW HITPOINT WARNING * * *
You miss something. Something hits you.
You die...

#.# #..........# #.###. #.#
#..........# #.##.# #.#
#..........# #.##.. #.#
#...)......# #.#.#. #.#
#..........# #.#... #.##
####.####### #..#.# #..# #...#
#..... ##.# #####'######## #.#.#.
######.## #...h{>..:...###'....
.....)).# #.................#.#
.....)..### #...>........#.......
..........###.........<..##....#.
........#...'............##......
#############............######.#
#............# ##. #............#
## ##############


There were no monsters in sight!

Vanquished Creatures
  Gastronok (D:8)
  Fannar (D:12)
  A hydra (D:8)
  Erica (D:8)
  Erolcha (D:8)
  Nergalle (D:10)
  4 hill giants (D:10)
  An unseen horror (D:11)
  2 ugly things
  A manticore (D:11)
  A cyclops (D:8)
  Joseph (D:8)
  The ghost of DeXoteric the Sneak, a novice KoAr (D:4)
  A troll (D:9)
  A two-headed ogre (D:10)
  A shadow (D:11)
  Sigmund (D:3)
  8 yaks
  2 wyverns
  A wraith (D:11)
  5 hungry ghosts
  A mottled dragon (D:12)
  4 hogs (D:12)
  2 hippogriffs
  A water moccasin (D:6)
  An orc warrior (D:8)
  A wasp (D:10)
  4 phantoms
  2 ice beasts
  An eye of draining (D:10)
  3 sky beasts
  The ghost of Peloso the Shield-Bearer, an amateur DgFi (D:3)
  3 black bears
  2 crocodiles
  3 ogres
  7 centaurs
  7 giant frogs
  5 big kobolds
  A water moccasin zombie (D:8)
  4 scorpions
  5 wights (D:10)
  2 jellies
  5 crimson imps
  A centaur zombie (D:6)
  A quasit (D:12)
  A wasp zombie (D:10)
  A giant frog skeleton (D:4)
  A giant frog zombie (D:10)
  A centaur skeleton (D:8)
  9 hounds
  10 orc priests
  12 orc wizards
  10 worker ants
  Natasha (D:4)
  6 iguanas
  A killer bee zombie (D:7)
  2 sheep (D:8)
  A hound skeleton (D:9)
  4 worker ant zombies
  14 adders
  4 shadow imps
  2 oozes
  An adder skeleton (D:4)
  2 worms
  6 giant geckos
  40 orcs
  A ball python (D:3)
  6 bats
  3 giant cockroaches
  7 goblins
  11 hobgoblins
  5 jackals
  3 quokkas (D:7)
  A giant gecko skeleton (D:7)
  A giant gecko zombie (D:9)
  3 giant newts
  A jackal zombie (D:5)
  16 kobolds
  11 rats
302 creatures vanquished.

Notes
Turn   | Place    | Note
--------------------------------------------------------------
     0 | D:1      | Peloso the Minotaur Fighter began the quest for the Orb.
     0 | D:1      | Reached XP level 1. HP: 19/19 MP: 0/0
   115 | D:1      | Reached skill level 4 in Armour
   115 | D:1      | Reached XP level 2. HP: 27/27 MP: 1/1
   792 | D:2      | Found a sacrificial altar of Ru.
   837 | D:2      | Reached XP level 3. HP: 31/33 MP: 2/2
   927 | D:2      | Reached XP level 4. HP: 37/41 MP: 3/3
  1150 | D:2      | Found a snail-covered altar of Cheibriados.
  1281 | D:3      | Noticed Peloso's ghost (amateur DgFi)
  1651 | D:3      | Killed Peloso's ghost
  1651 | D:3      | Reached skill level 5 in Armour
  1651 | D:3      | Reached skill level 1 in Dodging
  1651 | D:3      | Reached skill level 5 in Shields
  1651 | D:3      | Reached XP level 5. HP: 47/47 MP: 4/4
  1710 | D:3      | Found a stormy altar of Qazlal.
  2175 | D:3      | Noticed Sigmund
  2220 | D:3      | Killed Sigmund
  2220 | D:3      | Reached skill level 5 in Fighting
  2220 | D:3      | Reached XP level 6. HP: 14/56 MP: 5/5
  2457 | D:3      | Found an iron altar of Okawaru.
  3009 | D:4      | Noticed DeXoteric's ghost (novice KoAr)
  3017 | D:3      | Reached XP level 7. HP: 55/61 MP: 6/6
  3274 | D:4      | Killed DeXoteric's ghost
  3274 | D:4      | Reached skill level 6 in Armour
  3446 | D:4      | Noticed Natasha
  3450 | D:4      | Killed Natasha
  3652 | D:5      | Entered Level 5 of the Dungeon
  3898 | D:5      | Reached skill level 5 in Long Blades
  3898 | D:5      | Reached XP level 8. HP: 68/70 MP: 7/7
  3952 | D:5      | Reached skill level 7 in Armour
  4113 | D:5      | Found a deep blue altar of Sif Muna.
  4243 | D:5      | Reached skill level 1 in Stealth
  5180 | D:6      | Reached skill level 8 in Shields
  5732 | D:6      | Found a shadowy altar of Dithmenos.
  5737 | D:6      | Reached XP level 9. HP: 78/78 MP: 8/8
  6119 | D:7      | Found an opulent altar of Gozag.
  6265 | D:7      | Found a staircase to the Ecumenical Temple.
  6273 | Temple   | Entered the Ecumenical Temple
  6920 | D:8      | HP: 2/78 [yak (8)]
  7089 | D:8      | Reached skill level 9 in Armour
  7142 | D:8      | Noticed a three-headed hydra
  7146 | D:8      | Killed a one-headed hydra
  7210 | D:8      | Found a basalt altar of Yredelemnul.
  7269 | D:8      | Reached XP level 10. HP: 80/86 MP: 9/9
  7472 | D:8      | Reached skill level 10 in Armour
  7604 | D:8      | Noticed Erolcha
  7628 | D:8      | Killed Erolcha
  7628 | D:8      | Reached skill level 5 in Dodging
  7628 | D:8      | Reached skill level 10 in Shields
  7889 | D:8      | Noticed Gastronok
  7928 | D:8      | Killed Gastronok
  7928 | D:8      | Reached skill level 11 in Armour
  8077 | D:8      | Noticed Erica
  8098 | D:8      | Killed Erica
  8113 | D:8      | Noticed a cyclops
  8138 | D:8      | Killed a cyclops
  8138 | D:8      | Reached XP level 11. HP: 58/95 MP: 10/10
  8253 | D:8      | Noticed Joseph
  8266 | D:8      | Killed Joseph
  9071 | D:9      | Identified the Papyrus of Summoning
  9416 | D:10     | Entered Level 10 of the Dungeon
  9428 | D:10     | Noticed a hill giant
  9440 | D:10     | Killed a hill giant
  9459 | D:10     | Noticed a hill giant
  9471 | D:10     | Reached skill level 12 in Shields
  9478 | D:10     | Killed a hill giant
  9509 | D:10     | Found a staircase to the Lair.
  9601 | D:10     | Found Fuafiad's Armour Boutique.
 10395 | D:10     | Noticed a hill giant
 10403 | D:10     | Killed a hill giant
 10579 | D:11     | Noticed Nergalle
 10580 | D:11     | Reached skill level 10 in Long Blades
 10841 | D:11     | Reached skill level 10 in Fighting
 10865 | D:10     | Killed Nergalle
 11283 | D:11     | Killed an unseen horror
 11601 | D:10     | Noticed a hill giant
 11610 | D:10     | Killed a hill giant
 11610 | D:10     | Reached XP level 12. HP: 96/107 MP: 11/11
 11922 | D:3      | Became a worshipper of Warmaster Okawaru
 12266 | D:12     | Noticed Kirke
 12268 | D:12     | Reached skill level 13 in Shields
 12277 | D:12     | Noticed a sphinx
 12743 | D:12     | Noticed Fannar
 12754 | D:12     | Killed Fannar
 12754 | D:12     | Reached * piety under Okawaru
 12985 | D:11     | HP: 4/108 [something (17)]
 12986 | D:11     | Slain by Kirke

Action                   |  1- 3 |  4- 6 |  7- 9 | 10-12 || total
-------------------------+-------+-------+-------+-------++-------
Melee: Long sword        |    76 |   132 |   407 |       ||   615
       Falchion          |       |       |    46 |   142 ||   188
       Scimitar          |       |       |       |   464 ||   464
       Unarmed           |       |       |       |     3 ||     3
  Use: Potion            |       |     1 |     1 |     2 ||     4
       Scroll            |       |       |     4 |    15 ||    19
  Eat: Chunk             |       |     7 |    11 |    26 ||    44
       Beef jerky        |       |       |     2 |     1 ||     3
       Fruit             |       |       |       |     1 ||     1
